 Dungeon Crawl Stone Soup version 0.30.0-29-ga12c61a403 (webtiles) character file.

Game seed: 5947317937337190556

2407 cheesebisquit the Grappler (level 9, -5/89 HPs)
             Began as a Troll Fighter on June 4, 2023.
             Slain by a killer bee (7 damage)
             ... on level 8 of the Dungeon.
             The game lasted 00:20:31 (5591 turns).

cheesebisquit the Grappler (Troll Fighter)          Turns: 5591, Time: 00:20:32

Health: -5/89      AC:  4    Str: 26    XL:     9   Next: 23%
Magic:  8/8        EV:  9    Int:  8    God:
Gold:   544        SH:  9    Dex:  9    Spells: 6/8 levels left

rFire   . .          .
                       - Unarmed
rCold   . . .        b - +0 kite shield
rNeg    . . .        a - +0 robe
rPois   .            (helmet restricted)
rElec   .            (no cloak)
rCorr   .            (gloves unavailable)
SInv    .            (boots unavailable)
Will    .....        E - amulet of regeneration
Stlth   +            (no ring)
HPRegen 1.94/turn    (no ring)
MPRegen 0.11/turn

%: no passive effects
@: lethally poisoned (-5 -> -10)
A: large, unfitting armour, claws 3, regeneration 1, shaggy fur 1, tough skin 1
a: no special abilities


You were on level 8 of the Dungeon.
You visited 2 branches of the dungeon, and saw 9 of its levels.
You also visited: Ossuary.

You collected 544 gold pieces.

Inventory:

Missiles
 e - 10 poisoned darts
Armour
 a - a +0 robe (worn)
 b - a +0 kite shield (worn)
Jewellery
 E - an amulet of regeneration (around neck)
Wands
 c - a wand of roots (9)
 i - a wand of flame (24)
 m - a wand of mindburst (4)
 y - a wand of acid (16)
 C - a wand of charming (7) (quivered)
Scrolls
 d - 2 scrolls of immolation
 l - a scroll of blinking {unknown}
 s - a scroll of enchant weapon
 v - a scroll of torment {unknown}
 w - 2 scrolls of teleportation
 z - a scroll of amnesia {unknown}
 B - 2 scrolls of magic mapping
 F - a scroll of fog {unknown}
 G - 2 scrolls of summoning {unknown}
 H - a scroll of poison {unknown}
 I - a scroll of vulnerability {unknown}
 J - a scroll of brand weapon {unknown}
Potions
 g - a potion of ambrosia
 h - 2 potions of brilliance
 k - 2 potions of mutation
 o - a potion of degeneration {unknown}
 q - 2 potions of magic {unknown}
 t - a potion of attraction {unknown}
 u - a potion of invisibility {unknown}
 x - a potion of flight {unknown}
 A - a potion of heal wounds {unknown}
 D - a potion of resistance {unknown}


   Skills:
 + Level 5.7 Fighting
 + Level 2.5 Dodging
 + Level 6.2 Shields
 * Level 9.1 Unarmed Combat


You had 6 spell levels left.
You knew the following spells:

 Your Spells              Type           Power      Damage    Failure   Level
a - Wereblood             Tmut           0%         N/A       77%         2

Your spell library contained the following spells:

 Spells                   Type           Power      Damage    Failure   Level
 Beastly Appendage        Tmut           0%         N/A       63%         1
 Freeze                   Ice            0%         1d3       63%         1
 Summon Small Mammal      Summ           0%         N/A       63%         1
 Call Canine Familiar     Summ           0%         N/A       94%         3
 Frozen Ramparts          Ice            0%         1d1       94%         3
 Hailstorm                Conj/Ice       0%         3d3       94%         3
 Spider Form              Tmut/Pois      0%         N/A       94%         3
 Summon Guardian Golem    Hex/Summ       0%         N/A       94%         3
 Vhi's Electric Charge    Tloc/Air       0%         N/A       94%         3
 Ice Form                 Ice/Tmut       0%         N/A       100%        4
 Arcjolt                  Conj/Air       0%         1d10      100%        5
 Plasma Beam              Fire/Air       0%         2x1d11    100%        6
 Simulacrum               Ice/Necr       0%         N/A       100%        6


Dungeon Overview and Level Annotations

Branches:
Dungeon (8/15)             Temple (1/1) D:5         Ossuary (visited)
   Lair: D:8-11

Altars:
Ashenzari
Cheibriados
Elyvilon
Fedhas
Hepliaklqana
Kikubaaqudgha
Makhleb
Okawaru
Qazlal
Ru
Sif Muna
Uskayaw
Xom
Zin

Shops:
D:4 :   D:6 *


Innate Abilities, Weirdness & Mutations

You are too large for most types of armour.
You have claws for hands.
Your natural rate of healing is unusually fast.
You are covered in fur. (AC +1)
You have tough skin. (AC +1)


Message History

The killer bee stings you but does no damage.
The killer bee barely misses you. x3; The killer bee closely misses you.
You miss the killer bee.
You feel very sick.
The killer bee stings you but does no damage.
The killer bee stings you.
* * * LOW HITPOINT WARNING * * *
The killer bee barely misses you. x2
The killer bee stings you but does no damage. x2
The killer bee attacks as you move away!
The killer bee closely misses you.
You feel very sick. The killer bee stings you.
* * * LOW HITPOINT WARNING * * *
You completely miss the killer bee.
You feel sick. The killer bee stings you.
* * * LOW HITPOINT WARNING * * *
The killer bee closely misses you. The killer bee stings you.
* * * LOW HITPOINT WARNING * * *
You are more poisoned.
The killer bee poisons you! The killer bee closely misses you. x2
You barely miss the killer bee.
You feel very sick. The killer bee barely misses you.
The killer bee closely misses you. The killer bee stings you.
* * * LOW HITPOINT WARNING * * *
The killer bee closely misses you.
The killer bee stings you but does no damage.
The killer bee stings you.
* * * LOW HITPOINT WARNING * * *
You miss the killer bee.
You feel less invigorated.
You feel less confused.
You feel very sick.
The killer bee buzzes angrily.
The killer bee stings you.
* * * LOW HITPOINT WARNING * * *
You are lethally poisoned!
The killer bee poisons you!
The killer bee stings you but does no damage.
You block the killer bee's attack. x2; The killer bee stings you!
You die...

#......#..........# #..
#......#..........# #.....
##.....#..........# #.....
##.....'...#####'## #.....
.......#...##.....# #....#
.......#...#....y.# .......#....#
.......#...#......#........#.....
.......#...#...yyy#.......>#.....
.......#...#....@.#........#.....
.......#...#......#........#....#
##.....#...#......#.....(..#....#
##....##...#...<..#........#.....
##....##...#......#........'.....
...........'......#........#.....
...........#....[.#........#.....
...........#......#........#.....
##....##...#......#........#....#


You could see 4 killer bees.

Vanquished Creatures
  4 slime creatures (D:7)
  A wraith (Ossuary)
  2 water moccasins
  An orc warrior (D:6)
  A black bear (D:6)
  2 ogres (D:7)
  2 centaurs
  A kobold brigand (D:7)
  A bullfrog (D:8)
  2 scorpions
  2 orc priests (D:6)
  A hound (D:6)
  2 jellies
  Ijyb (D:5)
  2 iguanas
  A sleepcap (D:5)
  3 orc wizards (D:6)
  A mummy (Ossuary)
  6 gnolls (D:7)
  7 adders
  An ufetubus (D:5)
  A worm (D:2)
  3 dart slugs
  24 orcs
  7 ball pythons
  8 bats
  6 endoplasms
  A giant cockroach (D:2)
  11 goblins
  6 hobgoblins
  4 jackals (D:1)
  14 kobolds
  4 quokkas
  4 frilled lizards
  11 gnoll skeletons (Ossuary)
  4 kobold skeletons (Ossuary)
  10 orc skeletons (Ossuary)
  A rat (D:2)
  A butterfly (D:4)
164 creatures vanquished.

Vanquished Creatures (others)
  An orc wizard (D:6)
1 creature vanquished.

Grand Total: 165 creatures vanquished

Notes
Turn   | Place    | Note
-------+----------+-------------------------------------------
     0 | D:1      | cheesebisquit the Troll Fighter began the quest for the
                  | Orb.
     0 | D:1      | Reached XP level 1. HP: 22/22 MP: 0/0
    86 | D:1      | Reached XP level 2. HP: 29/29 MP: 1/1
   480 | D:1      | Reached XP level 3. HP: 36/36 MP: 2/2
   489 | D:1      | Found a faded altar of an unknown god.
   664 | D:2      | Reached skill level 3 in Unarmed Combat
   941 | D:2      | Reached XP level 4. HP: 44/44 MP: 3/3
  2083 | D:3      | Found a stormy altar of Qazlal.
  2212 | D:4      | Found Mucunwei's Book Shoppe.
  2215 | D:4      | Found a shimmering altar of Xom.
  2237 | D:4      | Reached skill level 4 in Unarmed Combat
  2303 | D:4      | Reached XP level 5. HP: 53/53 MP: 4/4
  2625 | D:5      | Entered Level 5 of the Dungeon
  2653 | D:5      | Noticed a water moccasin
  2662 | D:5      | Killed a water moccasin
  2698 | D:5      | Found a staircase to the Ecumenical Temple.
  2705 | Temple   | Entered the Ecumenical Temple
  2862 | D:5      | Noticed a centaur
  2891 | D:5      | Reached XP level 6. HP: 50/61 MP: 5/5
  2988 | D:5      | Reached skill level 5 in Unarmed Combat
  3070 | D:5      | Learned a level 2 spell: Wereblood
  3072 | D:5      | Found a burning altar of Makhleb.
  3217 | D:5      | Noticed Ijyb
  3230 | D:5      | Killed Ijyb
  3495 | D:5      | Reached XP level 7. HP: 61/68 MP: 6/6
  3533 | D:6      | Found an iron altar of Okawaru.
  3572 | D:6      | Reached skill level 6 in Unarmed Combat
  3600 | D:6      | Found a broken altar of Ashenzari.
  3755 | D:6      | Found Vukhonis's Assorted Antiques.
  3994 | D:6      | Reached skill level 5 in Shields
  3994 | D:6      | Reached skill level 7 in Unarmed Combat
  3994 | D:6      | Reached XP level 8. HP: 79/79 MP: 7/7
  4449 | D:7      | Found a sand-covered staircase.
  4452 | D:7      | Noticed a slime creature
  4459 | Ossuary  | Entered an ossuary
  4534 | Ossuary  | Reached skill level 5 in Fighting
  4688 | D:7      | Reached skill level 8 in Unarmed Combat
  4697 | D:7      | Killed a slime creature
  4763 | D:7      | Noticed a slime creature
  4780 | D:7      | Killed a slime creature
  4787 | D:7      | Noticed a slime creature
  4788 | D:7      | Noticed a slime creature
  5059 | D:7      | Reached XP level 9. HP: 83/88 MP: 8/8
  5075 | D:7      | Reached skill level 9 in Unarmed Combat
  5591 | D:8      | HP: 2/89 [killer bee (6)]
  5591 | D:8      | Slain by a killer bee

Illustrated notes

Levels and vault maps discovered:
D:1:      eino_arrival_tree_alley, layout_basic,
          hellmonk_ecumenical_altar_lost_god
D:2:      layout_basic, serial_bayou_pond_d
D:3:      wad_pebble_path, layout_basic, marbit_many_paths,
          guppyfry_early_lair_pool
D:4:      layout_basic, xom_butterflies, serial_shops, shop,
          nicolae_zen_rock_garden
D:5:      layout_cave_pools, mainiacjoe_overflow_24_doors,
          minmay_temple_entry_junction, uniq_ijyb
D:6:      layout_rooms, grunt_temple_overflow_open, serial_shops, shop_fountains
D:7:      layout_cave_pods, nicolae_ossuary_entry_monument,
          minmay_gold_behind_fungi, dreamdust_princess_corridor
D:8:      layout_gridville, nicolae_gozag_seed_capital
Temple:   hellmonk_temple_forest_ring

Skill      XL: |  1  2  3  4  5  6  7  8  9 |
---------------+----------------------------+-----
Shields        | 3 4 5 6 |  6.2
Unarmed Combat | 3 4 5 7 8 9 |  9.1
Fighting       | 3 4 5 |  5.7
Dodging        | |  2.5

Action                     |  1- 3 |  4- 6 |  7- 9 || total
---------------------------+-------+-------+-------++-------
  Melee: Unarmed           |    92 |   112 |   220 ||   424
  Throw: Boomerang         |     9 |    21 |    63 ||    93
         Dart              |       |     3 |     3 ||     6
  Evoke: Wand              |       |       |     1 ||     1
    Use: Potion            |       |     2 |     6 ||     8
         Scroll            |       |       |    11 ||    11
 Armour: Robe              |    39 |    21 |    56 ||   116
  Dodge: Dodged            |    36 |    34 |    76 ||   146
  Block: Kite shield       |    38 |    37 |    85 ||   160
